 Dungeon Crawl Stone Soup version 0.31-a0-188-g5e087ee2ca (webtiles) character file.

Game seed: 12104117106371854432

578 qw the Skirmisher (level 7, 0/40 HPs)
             Began as a Deep Elf Hunter on June 22, 2023.
             Was an Initiate of Okawaru.
             Slain by a two-headed ogre
             ... wielding a +0 giant club
              (14 damage)
             ... on level 5 of the Dungeon.
             The game lasted 00:01:35 (3806 turns).

qw the Skirmisher (Deep Elf Hunter)                 Turns: 3806, Time: 00:01:36

Health: 0/40       AC:  6    Str: 10    XL:     7   Next: 13%
Magic:  9/9        EV: 11    Int: 14    God:    Okawaru [......]
Gold:   89         SH:  0    Dex: 18    Spells: 6/6 levels left

rFire   . . .        Y - +2 shortbow
rCold   . . .        (shield currently unavailable)
rNeg    . . .        f - +1 ring mail
rPois   .            (no helmet)
rElec   .            (no cloak)
rCorr   .            (no gloves)
SInv    .            (no boots)
Will    .....        (no amulet)
Stlth   +            (no ring)
HPRegen 0.26/turn    (no ring)
MPRegen 0.11/turn

%: no passive effects
@: no status effects
A: no striking features
a: Renounce Religion


You were on level 5 of the Dungeon.
You worshipped Okawaru.
Okawaru was noncommittal.
You visited 2 branches of the dungeon, and saw 6 of its levels.

You collected 179 gold pieces.
You spent 90 gold pieces at shops.


   Skills:
 - Level 2.0 Fighting
 + Level 11.0 Ranged Weapons
 - Level 3.0 Dodging
 - Level 1.2 Stealth


You had 6 spell levels left.
You didn't know any spells.
Your spell library was empty.

Inventory:

Hand Weapons
 Y - a +2 shortbow (weapon)
Armour
 f - a +1 ring mail (worn)
Jewellery
 e - a ring of ice
Scrolls
 a - a scroll of identify
 g - a scroll of teleportation
Potions
 d - 2 potions of curing
 h - a potion of cancellation
 j - a potion of haste
 l - a potion of ambrosia {unknown}

Dungeon Overview and Level Annotations

Branches:
Dungeon (5/15)             Temple (1/1) D:4

Altars:
Ashenzari
Cheibriados
Dithmenos
Elyvilon
Fedhas
Gozag
Kikubaaqudgha
Makhleb
Nemelex Xobeh
Okawaru
Qazlal
Ru
Sif Muna
Uskayaw
Vehumet
Wu Jian
Xom
Yredelemnul
Zin
The Shining One

Annotations:
D:5 Dowan, Duvessa


Message History

You shoot an arrow. The arrow hits the ogre.
The ogre is moderately wounded.
You shoot an arrow. The arrow hits the ogre!
The ogre is heavily wounded.
You shoot an arrow. The arrow hits the ogre!
The ogre is almost dead.
You shoot an arrow. The arrow hits the ogre.
You kill the ogre!
Okawaru accepts your kill.
Your Ranged Weapons skill increases to level 11!
You have reached level 7!
Things that are here:
a +0 giant spiked club; an ogre corpse
Found a war axe.
A two-headed ogre comes into view. It is wielding two +0 giant clubs.
The two-headed ogre shouts in stereo!
You shoot an arrow. The arrow hits the two-headed ogre.
The two-headed ogre is lightly wounded.
You shoot an arrow. The arrow hits the two-headed ogre.
The two-headed ogre is lightly wounded.
You shoot an arrow.
The arrow barely misses the two-headed ogre.
You shoot an arrow. The arrow hits the two-headed ogre.
The two-headed ogre is moderately wounded.
You shoot an arrow. The arrow hits the two-headed ogre.
The two-headed ogre is moderately wounded.
You shoot an arrow. The arrow hits the two-headed ogre!
The two-headed ogre is moderately wounded.
The two-headed ogre hits you with a +0 giant club! x2
You shoot an arrow. The arrow hits the two-headed ogre.
The two-headed ogre is heavily wounded.
You shoot an arrow.
The arrow hits the two-headed ogre but does no damage.
The two-headed ogre is heavily wounded.
The two-headed ogre closely misses you. The two-headed ogre barely misses you.
You shoot an arrow.
The arrow hits the two-headed ogre but does no damage.
The two-headed ogre is heavily wounded.
The two-headed ogre hits you with a +0 giant club!
You die...

#.# #.# #.# #.# #.#
#.# .# # #O# .#
#.#@#####.#
#.........#
#####......##
...........##
.###..###..###########
#..#.)............#
#..#.#..#########.##
#.......# #......
.......#.# #.##.##


You could see a two-headed ogre.

Vanquished Creatures
  An ice beast (D:4)
  An ogre (D:5)
  2 scorpions
  A jelly (D:4)
  2 hounds (D:4)
  Natasha (twice) (D:3)
  2 orc wizards (D:4)
  2 adders
  2 dart slugs
  11 orcs (D:4)
  8 endoplasms
  3 giant cockroaches
  6 hobgoblins
  3 jackals (D:3)
  7 kobolds
  2 quokkas
  7 ball pythons
  4 bats
  3 frilled lizards
  6 goblins
  3 rats (D:1)
78 creatures vanquished.

Notes
Turn   | Place    | Note
-------+----------+-------------------------------------------
     0 | D:1      | qw the Deep Elf Hunter began the quest for the Orb.
     0 | D:1      | Reached XP level 1. HP: 12/12 MP: 3/3
     0 | D:1      | 0 ||| qw: Version: 0.3-a-9-g12657ce
     0 | D:1      | 0 ||| qw: Game counter: 3001
     0 | D:1      | 0 ||| qw: Always use a shield: true
     0 | D:1      | 0 ||| qw: God list: Okawaru
     0 | D:1      | 0 ||| qw: Allow faded altars: false
     0 | D:1      | 0 ||| qw: Do Orc after D:15 true
     0 | D:1      | 0 ||| qw: Do second Lair branch before Depths: true
     0 | D:1      | 0 ||| qw: Lair rune preference: random
     0 | D:1      | 0 ||| qw: Plans: Normal
     0 | D:1      | 0 ||| PLANNING D:1-11
   155 | D:1      | Reached skill level 6 in Ranged Weapons
   155 | D:1      | Reached XP level 2. HP: 16/16 MP: 4/4
   385 | D:1      | 385 ||| UPGRADING to +0 ring mail.
   395 | D:1      | 395 ||| DROPPING +0 leather armour.
   396 | D:1      | 396 ||| READING scroll labelled LIASEFUITI.
   397 | D:1      | 397 ||| READING scroll labelled YNUYCVUSEY.
   398 | D:1      | 398 ||| READING scroll labelled VICAAC LOFA.
   403 | D:1      | 403 ||| READING scroll labelled MERIYJ VOSAR.
   404 | D:1      | 404 ||| DROPPING scroll of butterflies.
   607 | D:2      | Reached XP level 3. HP: 19/19 MP: 5/5
   875 | D:2      | 875 ||| UPGRADING to amulet of guardian spirit.
   880 | D:2      | 880 ||| READING 3 scrolls labelled XEPIXI TOSIELO.
   881 | D:2      | 881 ||| READING scroll labelled HUIH EMERARPH.
   882 | D:2      | 882 ||| READING scroll labelled COTRUMN QACK.
   883 | D:2      | 883 ||| READING scroll labelled VEOSOL MIEH.
   884 | D:2      | 884 ||| READING scroll labelled QEJUCA ZIXYMA.
   885 | D:2      | 885 ||| READING 2 scrolls of identify.
   885 | D:2      | 885 ||| IDENTIFYING emerald potion
   928 | D:3      | 928 ||| READING scroll of enchant armour.
   928 | D:3      | 928 ||| ENCHANTING +0 ring mail.
   990 | D:3      | Reached skill level 7 in Ranged Weapons
  1015 | D:3      | 1015 ||| READING scroll of enchant weapon.
  1015 | D:3      | 1015 ||| ENCHANTING +1 shortbow.
  1075 | D:3      | Noticed a scorpion
  1081 | D:3      | Killed a scorpion
  1082 | D:3      | Reached XP level 4. HP: 24/25 MP: 6/6
  1126 | D:3      | Reached skill level 8 in Ranged Weapons
  1175 | D:3      | Noticed Natasha
  1180 | D:3      | Killed Natasha
  1181 | D:3      | Reached XP level 5. HP: 28/29 MP: 7/7
  1212 | D:3      | Found Zin's Purification Station.
  1213 | D:3      | Found a glowing silver altar of Zin.
  1220 | D:3      | 1220 ||| BUYING potion of curing (90 gold).
  1220 | D:3      | Bought a potion of curing for 90 gold pieces
  1433 | D:3      | Noticed Natasha
  1440 | D:3      | Killed Natasha
  1533 | D:3      | 1533 ||| READING 4 scrolls of identify.
  1533 | D:3      | 1533 ||| IDENTIFYING coppery potion
  1534 | D:3      | 1534 ||| READING 3 scrolls of identify.
  1534 | D:3      | 1534 ||| IDENTIFYING cyan potion
  1535 | D:3      | 1535 ||| READING 2 scrolls of identify.
  1535 | D:3      | 1535 ||| IDENTIFYING smoky yellow potion
  1536 | D:3      | 1536 ||| DROPPING potion of magic.
  1636 | D:4      | Reached skill level 9 in Ranged Weapons
  1640 | D:4      | 1640 ||| FLEEEEING.
  1641 | D:4      | 1641 ||| FLEEEEING.
  1642 | D:4      | 1642 ||| FLEEEEING.
  1643 | D:4      | 1643 ||| FLEEEEING.
  1644 | D:4      | 1644 ||| FLEEEEING.
  1645 | D:4      | 1645 ||| FLEEEEING.
  1646 | D:4      | 1646 ||| FLEEEEING.
  1647 | D:4      | 1647 ||| FLEEEEING.
  1648 | D:4      | 1648 ||| FLEEEEING.
  1649 | D:4      | 1649 ||| FLEEEEING.
  1650 | D:4      | 1650 ||| FLEEEEING.
  1651 | D:4      | 1651 ||| FLEEEEING.
  1652 | D:4      | 1652 ||| FLEEEEING.
  1653 | D:4      | 1653 ||| STAIRDANCE
  1663 | D:3      | 1663 ||| READING scroll labelled JOLI KECWOP.
  1725 | D:4      | Found an opulent altar of Gozag.
  1730 | D:4      | Found a sparkling altar of Nemelex Xobeh.
  1731 | D:4      | Found a shadowy altar of Dithmenos.
  1731 | D:4      | Found a white marble altar of Elyvilon.
  1731 | D:4      | Found a burning altar of Makhleb.
  1754 | D:4      | 1754 ||| DRINKING 3 potions of curing.
  1754 | D:4      | 1754 ||| (to cure confusion)
  1765 | D:4      | Reached XP level 6. HP: 35/35 MP: 8/8
  1808 | D:4      | Noticed an ice beast
  1809 | D:4      | 1809 ||| FLEEEEING.
  1810 | D:4      | 1810 ||| FLEEEEING.
  1891 | D:4      | Killed an ice beast
  1892 | D:4      | Reached skill level 10 in Ranged Weapons
  2081 | D:4      | Reached skill level 3 in Dodging
  2224 | D:4      | Found a staircase to the Ecumenical Temple.
  2225 | D:4      | 2225 ||| PLANNING TEMPLE
  2225 | D:4      | 2225 ||| DRINKING 2 fuming yellow potions.
  2226 | D:4      | 2226 ||| READING 2 scrolls of identify.
  2226 | D:4      | 2226 ||| IDENTIFYING black potion
  2227 | D:4      | 2227 ||| DROPPING potion of degeneration.
  2228 | D:4      | 2228 ||| DROPPING potion of brilliance.
  2237 | Temple   | Entered the Ecumenical Temple
  2328 | Temple   | 2328 ||| PLANNING OKAWARU WORSHIP
  2507 | Temple   | Became a worshipper of Warmaster Okawaru
  2508 | Temple   | 2508 ||| PLANNING D:1-11
  2508 | Temple   | 2508 ||| REMOVING amulet of guardian spirit.
  2513 | Temple   | 2513 ||| DROPPING amulet of guardian spirit.
  2741 | D:5      | Entered Level 5 of the Dungeon
  2741 | D:5      | Noticed Duvessa
  2741 | D:5      | Noticed Dowan
  2749 | D:5      | 2749 ||| STAIRDANCE
  2845 | D:5      | 2845 ||| STAIRDANCE
  2902 | D:5      | 2902 ||| STAIRDANCE
  2944 | D:5      | 2944 ||| STAIRDANCE
  3022 | D:5      | 3022 ||| STAIRDANCE
  3042 | D:5      | 3042 ||| STAIRDANCE
  3088 | D:5      | 3088 ||| STAIRDANCE
  3159 | D:5      | 3159 ||| STAIRDANCE
  3190 | D:5      | 3190 ||| STAIRDANCE
  3238 | D:5      | 3238 ||| STAIRDANCE
  3280 | D:5      | 3280 ||| STAIRDANCE
  3328 | D:5      | 3328 ||| STAIRDANCE
  3343 | D:5      | 3343 ||| STAIRDANCE
  3397 | D:5      | 3397 ||| STAIRDANCE
  3436 | D:5      | 3436 ||| STAIRDANCE
  3463 | D:5      | 3463 ||| STAIRDANCE
  3478 | D:5      | 3478 ||| STAIRDANCE
  3548 | D:5      | 3548 ||| STAIRDANCE
  3576 | D:5      | 3576 ||| STAIRDANCE
  3655 | D:5      | 3655 ||| STAIRDANCE
  3709 | D:5      | HP: 6/35 [Dowan/puff of frost (4)]
  3710 | D:5      | 3710 ||| READING 2 scrolls of teleportation.
  3711 | D:5      | 3711 ||| DRINKING 2 potions of heal wounds.
  3713 | D:5      | 3713 ||| DRINKING potion of heal wounds.
  3782 | D:5      | Reached skill level 11 in Ranged Weapons
  3782 | D:5      | Reached XP level 7. HP: 40/40 MP: 9/9
  3797 | D:5      | Noticed a two-headed ogre
  3806 | D:5      | Slain by a two-headed ogre

Levels and vault maps discovered:
D:1:      elethiomel_arrival_fortress_basement, layout_rooms
D:2:      cheibrodos_helix_gallery, layout_rooms, minmay_goblin_kobold_house
D:3:      layout_loops_ring, zin_purify, uniq_natasha
D:4:      layout_cave_pools, minitemple, lemuel_temple_firewalk_b
D:5:      layout_loops_ring, serial_shops, nicolae_shop_advertising_works
          [nicolae_subvault_shop_adworks], uniq_duvessa
Temple:   minmay_temple_curvy_branch

Skill      XL: |  1  2  3  4  5  6 |
---------------+-------------------+-----
Ranged Weapons | 6 7 8 9 11 | 11.0
Fighting       | 2 |  2.0
Dodging        | 3 |  3.0
Stealth        | |  1.2

Action                     |  1- 3 |  4- 6 |  7- 9 || total
---------------------------+-------+-------+-------++-------
   Fire: Shortbow          |    95 |   149 |     9 ||   253
    Use: Scroll            |    12 |     6 |       ||    18
         Potion            |       |     4 |       ||     4
 Armour: Ring mail         |    13 |    16 |       ||    29
  Dodge: Dodged            |    10 |    42 |     2 ||    54

Table legend:
 A = Non-vault XP
 B = Vault XP
 C = Vault XP percentage of total XP
 D = Non-vault monster count
 E = Vault monster count
 F = Vault count percentage of total count
                 A         B        C        D         E       F
            +---------+---------+-------+---------+---------+-------
      Total |     775 |      51 |   6.2 |      69 |       9 |  11.5
            +---------+---------+-------+---------+---------+-------
        D:1 |      24 |       1 |   4.0 |      16 |       1 |   5.9
        D:2 |      11 |      15 |  57.7 |       8 |       7 |  46.7
        D:3 |     154 |      35 |  18.5 |      16 |       1 |   5.9
        D:4 |     464 |       0 |   0.0 |      27 |       0 |   0.0
        D:5 |     122 |       0 |   0.0 |       2 |       0 |   0.0
            +---------+---------+-------+---------+---------+-------
